 Dungeon Crawl Stone Soup version 0.29.1-2-gbd0b4ee654 (webtiles) character file.

Game seed: 4889471058468650909

4 adizb the Slasher (level 1, 0/12 HPs)
             Began as a Tengu Gladiator on Oct 26, 2022.
             Slain by a frilled lizard (2 damage)
             ... on level 1 of the Dungeon.
             The game lasted 00:01:17 (171 turns).

adizb the Slasher (Tengu Gladiator)                  Turns: 171, Time: 00:01:18

Health: 0/12       AC:  3    Str: 14    XL:     1   Next: 70%
Magic:  2/2        EV: 12    Int:  8    God:
Gold:   0          SH:  0    Dex: 15    Spells: 0/0 levels left

rFire   . . .      SeeInvis .   a - +0 long sword
rCold   . . .      Faith    .   (no shield)
rNeg    . . .      Spirit   .   b - +0 leather armour
rPois   .          Reflect  .   c - +0 hat
rElec   .          Harm     .   (no cloak)
rCorr   .          Rampage  .   (no gloves)
Will    .....                   (boots unavailable)
Stlth   +.........              (no amulet)
HPRegen 0.04/turn               (no ring)
MPRegen 0.08/turn               (no ring)

@: no status effects
A: beak, talons 3
a: no special abilities


You were on level 1 of the Dungeon.
You visited 1 branch of the dungeon, and saw 1 of its levels.

Inventory:

Hand Weapons
 a - a +0 long sword (weapon)
Missiles
 d - 3 throwing nets (quivered)
 e - a javelin
Armour
 b - a +0 leather armour (worn)
 c - a +0 hat (worn)
Scrolls
 f - a scroll of teleportation {unknown}
Potions
 g - a potion of attraction {unknown}


   Skills:
 + Level 2.1 Fighting
 * Level 3.5 Long Blades
 - Level 2.0 Throwing
 - Level 3.2 Dodging


You couldn't memorise any spells.
You didn't know any spells.
Your spell library was empty.

Dungeon Overview and Level Annotations

Branches:
Dungeon (1/15)

Altars:


Innate Abilities, Weirdness & Mutations

You have a beak for a mouth.
You have claws for feet.


Message History

You slash the goblin!
You kill the goblin!
Things that are here:
a +0 dagger; a goblin corpse The dart slug launches a dart at you.
The slug dart hits you.
You hit the dart slug.
The dart slug is moderately wounded.
You slash the dart slug! You claw the dart slug.
You kill the dart slug!
You see here a dart slug corpse.
Found a sedimented inky potion.
A hobgoblin comes into view. It is quivering poisoned darts.
A frilled lizard comes into view.
The frilled lizard hisses angrily.
The hobgoblin throws a poisoned dart.
The poisoned dart misses you.
The hobgoblin throws a poisoned dart.
The poisoned dart hits you!
You are poisoned.
You feel sick.
The frilled lizard hisses.
You feel sick.
You hit the hobgoblin but do no damage. Your peck misses the hobgoblin.
You feel sick. The hobgoblin misses you.
You slash the hobgoblin!
You kill the hobgoblin!
You feel sick. The frilled lizard closely misses you.
You closely miss the frilled lizard.
* * * LOW HITPOINT WARNING * * *
You feel sick.
You are no longer poisoned.
The frilled lizard bites you but does no damage.
You miss the frilled lizard. Your peck misses the frilled lizard.
The frilled lizard closely misses you.
You closely miss the frilled lizard. Your peck misses the frilled lizard.
The frilled lizard misses you.
The frilled lizard attacks as you move away!
The frilled lizard barely misses you.
You closely miss the frilled lizard. Your kick misses the frilled lizard.
The frilled lizard bites you.
You die...

#######...##...##.##..
###.....#....##.....#.(.
#.).....##....###...#.##
#.#......##.....#######.
#†####....###........... #
#.# ##.....####.......#
#.###.######.......#########
#..........####.............
#..........@..####..........
#..........l..# ###########
#....####.....# #..>.
#....(# #.... #.........#
#.... #.........# #.###
#.........# ## ######....#
....#


You could see a frilled lizard.

Vanquished Creatures
  A dart slug (D:1)
  A hobgoblin (D:1)
  A goblin (D:1)
3 creatures vanquished.

Notes
Turn   | Place    | Note
-------+----------+-------------------------------------------
     0 | D:1      | adizb the Tengu Gladiator began the quest for the Orb.
     0 | D:1      | Reached XP level 1. HP: 12/12 MP: 2/2
   171 | D:1      | Slain by a frilled lizard

Illustrated notes

Levels and vault maps discovered:
D:1:      dpeg_arrival_circle_labyrinth_c, layout_basic, grunt_decor_one_mirror,
          kennysheep_small_spiral, dk_noncrumbling_2

Action                   || total
-------------------------++-------
Melee: Long sword        ||     9
       Kick              ||     1
Armor: Leather armour    ||     2
Dodge: Dodged            ||     6
